 Dungeon Crawl Stone Soup version 0.28-a0-1114-g8eb0198dcf (webtiles) character file.

Game seed: 8841234490240666842

627 Gargoyl the Skirmisher (level 7, 0/60 HPs)
             Began as a Gnoll Abyssal Knight on Dec 11, 2021.
             Was a Priest of Lugonu.
             Slain by an ogre (20 damage)
             ... on level 4 of the Dungeon.
             The game lasted 00:04:46 (5599 turns).

Gargoyl the Skirmisher (Gnoll Abyssal Knight)       Turns: 5599, Time: 00:04:48

Health: 0/60       AC: 15    Str: 15    XL:     7   Next: 48%
Magic:  11/11      EV:  5    Int:  9    God:    Lugonu [***...]
Gold:   214        SH:  0    Dex: 12    Spells: 11/11 levels left

rFire   + + .      SeeInvis .   a - +1 hand axe
rCold   . . .      Faith    .   (no shield)
rNeg    . . .      Spirit   .   b - +0 plate armour
rPois   .          Reflect  .   (no helmet)
rElec   .          Harm     .   (no cloak)
rCorr   .          Rampage  .   j - +2 pair of gloves
Will    .....                   (no boots)
Stlth   ..........              (no amulet)
HPRegen 0.20/turn               c - ring of protection from fire
MPRegen 0.12/turn               m - ring of protection from fire

@: invisible
A: fangs 1, strong nose, distributed training
a: Renounce Religion, Depart the Abyss, Bend Space, Banish


You were on level 4 of the Dungeon.
You worshipped Lugonu.
Lugonu was most pleased with you.
You visited 1 branch of the dungeon, and saw 4 of its levels.
You visited the Abyss 1 time.
You also visited: Ossuary.

You collected 214 gold pieces.

Inventory:

Hand Weapons
 a - a +1 hand axe (weapon)
Missiles
 h - 16 poisoned darts (quivered)
Armour
 b - a +0 plate armour (worn)
 j - a +2 pair of gloves (worn)
Jewellery
 c - a ring of protection from fire (left hand)
 m - a ring of protection from fire (right hand)
Potions
 d - 2 potions of curing
 e - a potion of resistance
 f - a potion of flight
 i - a potion of heal wounds {unknown}
 k - a potion of brilliance {unknown}
 l - a potion of ambrosia {unknown}


   Skills:
 + Level 7.0 Fighting
 + Level 2.5 Short Blades
 + Level 2.5 Long Blades
 + Level 5.2 Axes
 + Level 2.5 Maces & Flails
 + Level 2.5 Polearms
 + Level 2.5 Staves
 + Level 2.5 Slings
 + Level 2.5 Bows
 + Level 2.5 Crossbows
 + Level 2.5 Throwing
 + Level 5.2 Armour
 + Level 3.6 Dodging
 + Level 2.5 Stealth
 + Level 2.5 Shields
 + Level 2.5 Unarmed Combat
 + Level 2.5 Spellcasting
 + Level 2.0 Conjurations
 + Level 2.0 Hexes
 + Level 2.0 Summonings
 + Level 2.0 Necromancy
 + Level 2.0 Translocations
 + Level 2.0 Transmutations
 + Level 2.0 Fire Magic
 + Level 2.0 Ice Magic
 + Level 2.0 Air Magic
 + Level 2.0 Earth Magic
 + Level 2.0 Poison Magic
 + Level 5.4 Invocations
 + Level 2.5 Evocations


You had 11 spell levels left.
You didn't know any spells.
Your spell library contained the following spells:

 Spells                   Type           Power      Damage    Failure   Level
 Animate Skeleton         Necr           8%         N/A       100%        1
 Apportation              Tloc           8%         N/A       100%        1
 Summon Small Mammal      Summ           16%        N/A       100%        1
 Gell's Gravitas          Tloc           4%         N/A       100%        3
 Lesser Beckoning         Tloc           4%         N/A       100%        3
 Teleport Other           Tloc           4%         N/A       100%        3
 Flame Wave               Conj/Fire      4%         2d4       100%        4
 Leda's Liquefaction      Hex/Erth       2%         N/A       100%        4
 Iron Shot                Conj/Erth      2%         9d2       100%        6
 Starburst                Conj/Fire      2%         6d3       100%        6


Dungeon Overview and Level Annotations

Branches:
Dungeon (4/15)            Ossuary (visited)
 Temple: D:4-7

Altars:
Hepliaklqana
Xom

Annotations:
D:4 1 transporter


Innate Abilities, Weirdness & Mutations

You have very sharp teeth.
Your uncanny sense of smell can sniff out nearby items.
Your experience applies equally to all skills.


Message History

A hound skeleton is nearby!
You hit the hound skeleton.
The hound skeleton is moderately damaged.
The hound skeleton bites you but does no damage. x2
You hit the hound skeleton. You bite the hound skeleton.
The hound skeleton is heavily damaged.
The hound skeleton bites you but does no damage.
You hit the hound skeleton. You bite the hound skeleton.
The hound skeleton is severely damaged.
The hound skeleton bites you but does no damage.
Unknown command.
You hit the hound skeleton.
You destroy the hound skeleton!
Lugonu accepts your kill.
Unknown command.
Unknown command.
Found a scale mail.
Found a scroll of vulnerability.
A centaur comes into view.
The centaur wields a +0 shortbow.
The centaur shoots an arrow.
The arrow hits you but does no damage.
The centaur shoots an arrow.
The arrow hits you.
The centaur shoots an arrow.
The arrow hits you.
An ogre comes into view. It is wielding a +0 giant spiked club.
The ogre shouts!
The centaur shoots an arrow.
The arrow hits you.
Found 14 gold pieces.
The centaur shoots an arrow.
The arrow hits you.
Found a sedimented white potion.
The centaur shoots an arrow.
The arrow hits you.
The ogre hits you with a +0 giant spiked club.
The centaur shoots an arrow.
The arrow hits you.
You hit the ogre but do no damage. Your bite misses the ogre.
The ogre hits you with a +0 giant spiked club!
You fade into invisibility!
The centaur unwields a +0 shortbow.
The centaur hits you but does no damage.
The centaur barely misses you.
A giant cockroach comes into view.
The ogre hits you with a +0 giant spiked club!!
You die...

*,,,* #......############
*,,,* #................##
*.,,* #..?.[.............
*!.,* #................##
*...###B...............#
*......................##
*#......#................
#$.....#####.#.##.##....
#.....O@.....#.....#....
###...c.######.#####....
#............#***#....
#....#########,,*#####
#...#,,,,,,,,,*,***###
#...*,≈≈≈≈≈≈≈,*,,,,...
#...*≈,,≈≈≈,,≈*,,**###
#...*≈,≈,,,≈,≈*,,*
****,,,*≈,≈,_,≈,≈*,,*****


You could see an ogre, a centaur and a giant cockroach (wandering).

Vanquished Creatures
  A hornet zombie (D:4)
  An elf zombie (Ossuary)
  A wyvern skeleton (D:4)
  The ghost of Htamos the Ruffian, a weakling TrBe of Trog (D:3)
  A centaur zombie (Ossuary)
  A human zombie (Ossuary)
  A centaur skeleton (D:4)
  An orc wizard (D:4)
  2 mummies (Ossuary)
  A hound skeleton (D:4)
  2 adders
  8 gnolls
  2 adder zombies (Ossuary)
  5 worms
  6 orcs
  3 ball pythons
  5 bats
  4 endoplasms
  2 giant cockroaches
  5 goblins
  8 hobgoblins
  6 jackals
  3 kobolds
  4 quokkas
  A frilled lizard (D:1)
  2 goblin zombies (Ossuary)
  8 hobgoblin zombies (Ossuary)
  14 kobold zombies (Ossuary)
  7 orc zombies (Ossuary)
  2 rats
  A rat zombie (Ossuary)
109 creatures vanquished.

Notes
Turn   | Place    | Note
-------+----------+-------------------------------------------
     0 | Abyss:1  | Gargoyl the Gnoll Abyssal Knight began the quest for the
                  | Orb.
     0 | Abyss:1  | Reached XP level 1. HP: 23/23 MP: 3/3
    46 | Abyss:1  | Noticed an orange demon
    49 | D:1      | Escaped the Abyss
   203 | D:1      | Reached XP level 2. HP: 12/29 MP: 5/5
   443 | D:1      | Got the Catalogue of Scorching Clay
  1247 | D:2      | Reached XP level 3. HP: 35/35 MP: 6/6
  1256 | D:2      | Reached * piety under Lugonu
  1806 | D:1      | Reached skill level 1 in Short Blades
  1806 | D:1      | Reached skill level 1 in Long Blades
  1806 | D:1      | Reached skill level 1 in Maces & Flails
  1806 | D:1      | Reached skill level 1 in Polearms
  1806 | D:1      | Reached skill level 1 in Staves
  1806 | D:1      | Reached skill level 1 in Slings
  1806 | D:1      | Reached skill level 1 in Bows
  1806 | D:1      | Reached skill level 1 in Crossbows
  1806 | D:1      | Reached skill level 1 in Throwing
  1806 | D:1      | Reached skill level 1 in Stealth
  1806 | D:1      | Reached skill level 1 in Shields
  1806 | D:1      | Reached skill level 1 in Unarmed Combat
  1806 | D:1      | Reached skill level 1 in Spellcasting
  1806 | D:1      | Reached skill level 1 in Evocations
  1806 | D:1      | Reached XP level 4. HP: 21/41 MP: 7/7
  2234 | D:2      | Reached skill level 1 in Conjurations
  2234 | D:2      | Reached skill level 1 in Hexes
  2234 | D:2      | Reached skill level 1 in Summonings
  2234 | D:2      | Reached skill level 1 in Necromancy
  2234 | D:2      | Reached skill level 1 in Translocations
  2234 | D:2      | Reached skill level 1 in Transmutations
  2234 | D:2      | Reached skill level 1 in Fire Magic
  2234 | D:2      | Reached skill level 1 in Ice Magic
  2234 | D:2      | Reached skill level 1 in Air Magic
  2234 | D:2      | Reached skill level 1 in Earth Magic
  2234 | D:2      | Reached skill level 1 in Poison Magic
  2893 | D:3      | Reached XP level 5. HP: 40/47 MP: 8/8
  3086 | D:3      | Reached ** piety under Lugonu
  3198 | D:3      | Found a shimmering altar of Xom.
  3199 | D:3      | Found a hazy altar of Hepliaklqana.
  3200 | D:3      | Noticed a spectral ugly thing
  3447 | D:3      | Found a faded altar of an unknown god.
  3581 | D:3      | Noticed Htamos's ghost (weakling TrBe)
  3585 | D:3      | Found a runed translucent door.
  3721 | D:3      | Killed Htamos's ghost
  4046 | D:4      | Found a sand-covered staircase.
  4053 | Ossuary  | Entered an ossuary
  4163 | Ossuary  | Reached skill level 5 in Invocations
  4218 | Ossuary  | Reached XP level 6. HP: 46/53 MP: 9/9
  4321 | Ossuary  | Reached skill level 5 in Axes
  4321 | Ossuary  | Reached skill level 5 in Armour
  4867 | D:4      | HP: 2/53 [hornet zombie (2)]
  4883 | D:4      | HP: 2/53 [hornet zombie (8)]
  4887 | D:4      | Reached skill level 7 in Fighting
  4887 | D:4      | Reached XP level 7. HP: 3/60 MP: 10/10
  5219 | D:4      | Reached *** piety under Lugonu
  5253 | D:4      | Found a transporter.
  5599 | D:4      | Slain by an ogre

Illustrated notes

Levels and vault maps discovered:
D:1:      eino_arrival_water_cross, layout_basic
D:2:      layout_basic
D:3:      layout_basic, regret_index_temple_of_mockery,
          dilly_ecumenical_altar_fadedgnrine, hellmonk_ghost_happy_afterlife
D:4:      gammafunk_steamed_eel, layout_basic, mainiacjoe_overflow_paths,
          lightli_ossuary_entry_decrepit_ruins, item_on_display_a

Skill      XL: |  1  2  3  4  5  6  7 |
---------------+----------------------+-----
Short Blades   | 1 2 |  2.5
Long Blades    | 1 2 |  2.5
Maces & Flails | 1 2 |  2.5
Polearms       | 1 2 |  2.5
Staves         | 1 2 |  2.5
Slings         | 1 2 |  2.5
Bows           | 1 2 |  2.5
Crossbows      | 1 2 |  2.5
Throwing       | 1 2 |  2.5
Stealth        | 1 2 |  2.5
Shields        | 1 2 |  2.5
Unarmed Combat | 1 2 |  2.5
Spellcasting   | 1 2 |  2.5
Evocations     | 1 2 |  2.5
Conjurations   | 1 2 |  2.0
Hexes          | 1 2 |  2.0
Summonings     | 1 2 |  2.0
Necromancy     | 1 2 |  2.0
Translocations | 1 2 |  2.0
Transmutations | 1 2 |  2.0
Fire Magic     | 1 2 |  2.0
Ice Magic      | 1 2 |  2.0
Air Magic      | 1 2 |  2.0
Earth Magic    | 1 2 |  2.0
Poison Magic   | 1 2 |  2.0
Dodging        | 3 |  3.6
Invocations    | 5 |  5.4
Axes           | 5 |  5.2
Armour         | 5 |  5.2
Fighting       | 7 |  7.0

Action                   |  1- 3 |  4- 6 |  7- 9 || total
-------------------------+-------+-------+-------++-------
Melee: Hand axe          |    95 |   346 |    37 ||   478
       Bite              |    15 |    45 |     3 ||    63
Invok: Depart the Abyss  |     1 |       |       ||     1
  Use: Scroll            |     2 |     5 |     3 ||    10
       Potion            |       |     9 |     1 ||    10
 Stab: Invisible         |       |     6 |       ||     6
Armor: Leather armour    |    16 |       |       ||    16
       Chain mail        |    39 |    45 |       ||    84
       Plate armour      |       |   209 |    38 ||   247
Dodge: Dodged            |    33 |    77 |    13 ||   123

Table legend: (Time is in decaauts)
 A = Elapsed time spent in this place.
 B = Non-inter-level travel time spent in this place.
 C = Inter-level travel time spent in this place.
 D = Time resting spent in this place.
 E = Time spent auto-exploring this place.
 F = Levels seen in this place.
 G = Mean time per level.
                   A        B        C        D        E       F      G
               +--------+--------+--------+--------+--------+-----+--------+
         Total |   5609 |   5427 |    182 |    394 |   3987 |   6 |  934.8 |
       Dungeon |   4802 |   4620 |    182 |    368 |   3502 |   4 | 1200.5 |
         Abyss |     49 |     49 |      0 |      0 |     41 |   1 |   49.0 |
       Ossuary |    758 |    758 |      0 |     26 |    444 |   1 |  758.0 |
               +--------+--------+--------+--------+--------+-----+--------+

Top non-repeatable levels by time:
     D:1: 1613 daAuts
     D:3: 1197 daAuts
     D:2: 1173 daAuts
     D:4: 817 daAuts
 Ossuary: 758 daAuts
 Abyss:1: 49 daAuts
